AoeStats
← ME_DEPRIME_JUGAR_CON_USTEDES

African Clearing

506235725Analyzed
4v4 RM · 20d ago on Sep 12, 2026· 26m 32s· 8 players
Game mode
Random Map
Map size
Large (8 player)
Population
200
Speed
Normal
Resources
Standard
Victory
Conquest
Starting age
Dark Age
Ending age
Imperial Age
RankedLock teamsTeams togetherTeam positionsShared explorationLock speedFull tech treeHidden civsTurbo modeCheats
Victory
Defeat
🇫🇷 Persians · France
1631
+13
1608
+14
🇫🇷 Saracens · France
1551
+16
🇫🇷 Vietnamese · France
1378
+23
🇲🇦 Maya · Morocco
1594
-18
🇦🇷 Maya · Argentina
1544
-16
🇩🇪 Lithuanians · Germany
1542
-16
🇫🇮 Persians · Finland
1530
-16
Hugo4774
9:51 Loom
11:38 Feudal Age
12:48 Double-Bit Axe
16:12 Fletching
18:19 Padded Archer Armor
21:11 Wheelbarrow
25:05 Castle Age
26:07 Hand Cart
25:18 Crossbowman
26:09 Bodkin Arrow
[AHOU] Ezio Auditore Da Firenze
3:59 Loom
13:04 Feudal Age
16:45 Castle Age
14:51 Double-Bit Axe
15:23 Horse Collar
23:58 Town Watch
27:25 Wheelbarrow
Sac a dos
3:45 Loom
12:56 Feudal Age
17:21 Castle Age
15:35 Double-Bit Axe
21:59 Wheelbarrow
21:40 Fletching
24:02 Scale Barding Armor
25:19 Town Watch
25:59 Bow Saw
25:56 Gold Mining
FLEJEUNE
6:06 Loom
12:33 Feudal Age
13:11 Double-Bit Axe
12:48 Man-at-Arms
15:36 Arson
17:18 Town Watch
18:10 Fletching
18:59 Gold Mining
28:57 Castle Age
Samara
5:40 Loom
13:30 Feudal Age
17:42 Castle Age
16:01 Double-Bit Axe
16:03 Horse Collar
19:03 Wheelbarrow
18:42 Bow Saw
19:00 Fletching
23:32 Bodkin Arrow
thaebS
7:18 Loom
14:28 Feudal Age
17:47 Castle Age
15:54 Double-Bit Axe
17:35 Scale Barding Armor
JuraRox
3:49 Loom
12:58 Feudal Age
14:08 Double-Bit Axe
17:51 Castle Age
22:06 Bow Saw
25:24 Wheelbarrow
ME_DEPRIME_JUGAR_CON_USTEDES
9:52 Loom
12:31 Feudal Age
21:01 Castle Age
19:33 Fletching
19:59 Double-Bit Axe
20:21 Gold Mining
21:25 Scale Mail Armor
22:06 Squires
25:18 Eagle Warrior
26:44 Arson
Connection lost

Rejoining the realm…

Still unreachable

The connection could not be restored.

Session expired

The server has moved on; the page needs a fresh start.